 Dungeon Crawl Stone Soup version 0.25.1-2-g60ff931df9 (webtiles) character file.

Game seed: 2731469499849411908

12044 selver the Archer (level 11, -3/101 HPs)
             Began as a Centaur Hunter on Oct 16, 2020.
             Was a Priest of Fedhas.
             Slain by a wraith (4 damage)
             ... led by Josephine
             ... on level 11 of the Dungeon.
             The game lasted 01:03:48 (17210 turns).

selver the Archer (Centaur Hunter)                 Turns: 17210, Time: 01:03:50

Health: -3/101     AC: 13    Str: 16    XL:     11   Next: 57%
Magic:  11/11      EV: 10    Int: 10    God:    Fedhas [***...]
Gold:   196        SH:  0    Dex: 12    Spells: 10/10 levels left

rFire    . . .     SeeInvis .   a - +1 shortbow
rCold    . . .     Gourm    .   (shield currently unavailable)
rNeg     . . .     Faith    .   K - +0 scale mail
rPois    .         Spirit   .   (no helmet)
rElec    .         Reflect  .   k - +0 cloak
rCorr    .         Harm     .   B - +0 pair of gloves
MR       +....                  (no barding)
Stlth    ..........             (no amulet)
HPRegen  0.26/turn              I - ring of protection from magic
MPRegen  0.12/turn              M - +4 ring of protection

@: brilliant, about to teleport, very slightly contaminated, slowed, drained,
invisible
A: large, hooves 3, deformed body, speed 2, tough skin 3
a: Wall of Briars, Grow Ballistomycete, Renounce Religion


You were on level 11 of the Dungeon.
You worshipped Fedhas.
Fedhas was most pleased with you.
You were hungry.

You visited 2 branches of the dungeon, and saw 12 of its levels.
You also visited: Ossuary.

You collected 525 gold pieces.
You spent 329 gold pieces at shops.

Inventory:

Hand Weapons
 a - a +1 shortbow (weapon)
 b - a +0 short sword of venom
 g - a +0 short sword
 y - a +3 trident
 L - a +0 trident of freezing
 Q - a +0 arbalest of flaming
Missiles
 c - 43 bolts
 d - 97 arrows (quivered)
Armour
 h - a +0 plate armour
 k - a +0 cloak (worn)
 B - a +0 pair of gloves (worn)
 K - a +0 scale mail (worn)
Jewellery
 G - an uncursed ring of resist corrosion
 I - a ring of protection from magic (left hand)
 M - a +4 ring of protection (right hand)
 N - the ring "Zierexej" {*Slow rC- rN+++ MR+ Slay+4}
   (You found it on level 6 of the Dungeon)

   [ring of slaying]

   It affects your accuracy and damage with ranged weapons and melee attacks
   (+4).
   It makes you vulnerable to cold.
   It renders you almost immune to negative energy.
   It affects your resistance to hostile enchantments.
   It may slow you when you take damage.
Wands
 m - a wand of disintegration (24)
 r - a wand of acid (6)
 s - a wand of iceblast (39)
 w - a wand of random effects (49)
 x - a wand of paralysis (9)
 J - a wand of flame (13)
 P - a wand of polymorph (4)
Scrolls
 i - 11 scrolls of remove curse
 j - a scroll of summoning {unknown}
 n - 2 scrolls of amnesia
 t - 2 scrolls of torment {unknown}
 v - a scroll of enchant weapon
 A - 3 scrolls of enchant armour {unknown}
 E - 2 scrolls of identify
Potions
 p - 3 potions of mutation
 q - a potion of brilliance
 u - 3 potions of stabbing
 z - 2 potions of berserk rage {unknown}
 C - a potion of haste {unknown}
 D - a potion of degeneration {unknown}
 F - a potion of magic
 H - a potion of flight {unknown}
 O - 2 potions of ambrosia {unknown}
Comestibles
 f - 20 rations
 l - 10 chunks of flesh


   Skills:
 - Level 10.8(10.1) Fighting
 - Level 14.0(13.2) Bows
 * Level 5.0(4.4) Crossbows
 - Level 3.9(3.2) Armour
 + Level 6.7(6.0) Dodging
 - Level 0.4(0.0) Stealth


You had 10 spell levels left.
You didn't know any spells.
Your spell library contained the following spells:

 Spells                   Type           Power        Failure   Level  Hunger
 Animate Skeleton         Necr           N/A          80%         1    None
 Apportation              Tloc           #.....       80%         1    None
 Corona                   Hex            #......      80%         1    None
 Sandblast                Erth           #.....       80%         1    None
 Summon Small Mammal      Summ           #...         80%         1    None
 Passwall                 Tmut/Erth      #.......     90%         2    None
 Confusing Touch          Hex            #.......     99%         3    None
 Gell's Gravitas          Tloc           #.........   99%         3    None
 Stone Arrow              Conj/Erth      #.....       99%         3    None
 Petrify                  Tmut/Erth      #.......     100%        4    None
 Lee's Rapid Deconstruct  Erth           #.........   100%        5    None
 Metabolic Englaciation   Hex/Ice        #.........   100%        5    None
 Yara's Violent Unravell  Hex/Tmut       #.........   100%        5    None


Dungeon Overview and Level Annotations

Branches:
Dungeon (11/15)            Temple (1/1) D:6            Lair (0/6) D:11
    Orc (0/2) D:11        Ossuary (visited)

Altars:
Ashenzari
Cheibriados
Dithmenos
Elyvilon
Fedhas
Gozag
Hepliaklqana
Kikubaaqudgha
Makhleb
Nemelex Xobeh
Okawaru
Qazlal
Ru
Sif Muna
Trog
Uskayaw
Vehumet
Wu Jian
Xom
Yredelemnul
Zin
The Shining One

Shops:
D:8 }   D:9 :?((

Annotations:
D:6 Prince Ribbit
D:7 1 runed translucent door
D:11 Josephine


Innate Abilities, Weirdness & Mutations

You have hooves in place of feet.
Armour fits poorly on your strangely shaped body.
You cover ground very quickly.
You have extremely tough skin. (AC +3)


Message History

You are very lightly contaminated with residual magic.
Okay, then.
As you read the scroll of teleportation, it crumbles to dust.
You feel strangely unstable.
You are feeling hungry.
The wraith hits you but does no damage. The wraith barely misses you.
The wraith hits you!
* * * LOW HITPOINT WARNING * * *
The wraith drains your vigour!
You feel yourself slow down.
Press: ? - help, Dir - move target cursor, f - wraith, p - wraith
Aim: a wraith That space is already occupied.
Press: ? - help, Dir - move target cursor, p - wraith You fail to use your ability.
The wraith hits you.
* * * LOW HITPOINT WARNING * * *
The wraith drains your vigour!
You feel as though you will be slow longer.
The wraith barely misses you. The wraith hits you.
You die...
Fedhas appreciates your contribution to the ecosystem.

#......
#......#
#......
####.....
#....^..#
#...(..W#
+.....@W#
#.....WW#
#.....W@#
#########


You could see Josephine and 5 wraiths.

Vanquished Creatures
  3 two-headed ogres
  An unseen horror (D:6)
  Pikel (D:6)
  An ugly thing (D:9)
  Maurice (D:8)
  A troll (D:9)
  4 hornets
  4 hippogriffs
  Sigmund (D:6)
  6 yaks (D:9)
  2 wraiths (Ossuary)
  A wyvern (D:9)
  Edmund (D:6)
  A soldier ant (D:8)
  Duvessa (D:5)
  2 ice beasts
  A sky beast (D:9)
  6 orc warriors
  2 phantoms
  4 slaves (D:6)
  A black bear (D:11)
  3 centaurs
  8 ogres
  An elf zombie (D:4)
  8 bullfrogs
  A wyvern zombie (D:7)
  Dowan (D:5)
  A water moccasin zombie (D:8)
  2 elf skeletons (D:4)
  3 scorpions
  5 killer bees
  2 jellies (D:9)
  2 wights (Ossuary)
  A howler monkey (D:5)
  2 bullfrog zombies
  3 crimson imps
  A centaur zombie (D:5)
  2 quasits
  4 hounds
  6 orc priests
  3 bullfrog skeletons
  7 orc wizards
  A centaur skeleton (D:8)
  2 iguanas
  Jessica (D:3)
  A human skeleton (D:4)
  Terence (D:3)
  5 worker ants
  A hound zombie (D:4)
  2 hound skeletons
  A worker ant zombie (D:5)
  10 adders
  7 gnolls
  4 shadow imps
  2 adder zombies
  An adder skeleton (D:9)
  5 worms
  3 dart slugs (D:1)
  10 leopard geckos
  41 orcs
  10 bats
  5 giant cockroaches
  8 goblins
  5 hobgoblins
  11 jackals
  3 quokkas
  A ball python (D:2)
  A ball python skeleton (Ossuary)
  9 frilled lizards
  3 hobgoblin skeletons (Ossuary)
  A hobgoblin zombie (Ossuary)
  A jackal skeleton (D:7)
  4 kobolds
  2 kobold zombies (Ossuary)
  A leopard gecko skeleton (D:6)
  2 orc skeletons
  2 orc zombies
  2 quokka skeletons
  8 rats
288 creatures vanquished.

Notes
Turn   | Place    | Note
-------+----------+-------------------------------------------
     0 | D:1      | selver the Centaur Hunter began the quest for the Orb.
     0 | D:1      | Reached XP level 1. HP: 17/17 MP: 1/1
   259 | D:1      | Reached skill level 6 in Bows
   259 | D:1      | Reached XP level 2. HP: 21/24 MP: 2/2
   569 | D:1      | Reached XP level 3. HP: 29/29 MP: 3/3
   886 | D:2      | Reached skill level 7 in Bows
  1092 | D:2      | Reached XP level 4. HP: 24/36 MP: 4/4
  2002 | D:2      | Reached skill level 8 in Bows
  2368 | D:3      | Reached XP level 5. HP: 29/41 MP: 5/5
  2690 | D:3      | Reached skill level 9 in Bows
  3143 | D:3      | Noticed Terence
  3178 | D:3      | Killed Terence
  3329 | D:3      | Found a blossoming altar of Fedhas.
  3543 | D:3      | Found a shadowy altar of Dithmenos.
  3545 | D:3      | Noticed Jessica
  3545 | D:3      | Killed Jessica
  3545 | D:3      | Reached XP level 6. HP: 48/48 MP: 6/6
  3691 | D:3      | You fall into a shaft and drop 2 floors!
  3691 | D:5      | Entered Level 5 of the Dungeon
  3709 | D:5      | Reached skill level 10 in Bows
  4240 | D:4      | Reached skill level 11 in Bows
  4240 | D:4      | Reached XP level 7. HP: 42/55 MP: 7/7
  4257 | D:4      | Found a sand-covered staircase.
  4474 | Ossuary  | Entered an ossuary
  4772 | Ossuary  | Noticed a wraith
  4772 | Ossuary  | Noticed a flying skull
  4786 | Ossuary  | Noticed a flying skull
  4814 | Ossuary  | Noticed a flying skull
  4818 | Ossuary  | Noticed a wraith
  4913 | Ossuary  | Killed a wraith
  4913 | Ossuary  | Reached skill level 12 in Bows
  5062 | Ossuary  | Noticed a flying skull
  5063 | Ossuary  | Noticed a flying skull
  5149 | Ossuary  | Noticed a wraith
  5399 | Ossuary  | Killed a wraith
  5399 | Ossuary  | Reached XP level 8. HP: 35/61 MP: 8/8
  5748 | D:4      | Reached skill level 13 in Bows
  6058 | D:4      | Found a shimmering blue altar of Sif Muna.
  6387 | D:5      | Noticed Duvessa
  6429 | D:5      | Killed Duvessa
  6461 | D:5      | Noticed Dowan
  6480 | D:5      | Killed Dowan
  6696 | D:5      | Reached skill level 14 in Bows
  6937 | D:5      | Found a glowing golden altar of the Shining One.
  7137 | D:5      | Found an ornate altar of the Wu Jian Council.
  7138 | D:5      | Found a sparkling altar of Nemelex Xobeh.
  7276 | D:6      | Found a glowing silver altar of Zin.
  7280 | D:6      | Found a transporter.
  7280 | D:6      | Noticed Edmund
  7282 | D:6      | Noticed Pikel
  7328 | D:6      | Killed Edmund
  7529 | D:6      | Killed Pikel
  7529 | D:6      | Reached XP level 9. HP: 75/75 MP: 9/9
  7627 | D:6      | Got a steaming wooden ring
  7739 | D:6      | Identified the ring "Zierexej" {*Slow rC- rN+++ MR+ Slay+4}
                  | (You found it on level 6 of the Dungeon)
  7743 | D:6      | Found a transporter.
  7876 | D:6      | Found a staircase to the Ecumenical Temple.
  7877 | D:6      | Noticed Prince Ribbit
  7966 | Temple   | Entered the Ecumenical Temple
  8225 | D:6      | Found a stormy altar of Qazlal.
  8623 | D:6      | Noticed Sigmund
  8629 | D:6      | Killed Sigmund
  9228 | D:6      | Killed an unseen horror
  9403 | D:7      | Found a hazy altar of Hepliaklqana.
  9404 | D:7      | Found a blossoming altar of Fedhas.
  9408 | D:7      | Found a basalt altar of Yredelemnul.
  9408 | D:7      | Found a shimmering altar of Xom.
  9448 | D:7      | Became a worshipper of Fedhas Madash
  9662 | D:7      | Found a runed translucent door.
  9664 | D:7      | Found a basalt altar of Yredelemnul.
  9716 | D:7      | Reached skill level 10 in Fighting
  9741 | D:7      | Reached XP level 10. HP: 93/93 MP: 10/10
 11165 | D:8      | Noticed Maurice
 11356 | D:8      | Reached * piety under Fedhas
 11548 | D:8      | Reached skill level 1 in Armour
 11690 | D:8      | Found Seut's Gadget Emporium.
 11748 | D:8      | Found an iron altar of Okawaru.
 11877 | D:8      | Killed Maurice
 12089 | D:8      | Found an ancient bone altar of Kikubaaqudgha.
 12141 | D:8      | Paralysed by a hornet for 2 turns
 12186 | D:8      | HP: 4/94 [poisoned by a soldier ant]
 12194 | D:8      | HP: 4/94 [poisoned by a soldier ant]
 12202 | D:8      | HP: 4/94 [poisoned by a soldier ant]
 13188 | D:9      | Found Xuorghomi's Book Shop.
 13215 | D:9      | Found Zeituxat's Magic Scroll Shoppe.
 13218 | D:9      | Bought a scroll of enchant weapon for 105 gold pieces
 13218 | D:9      | Bought a scroll of noise for 14 gold pieces
 13231 | D:9      | Found Tiwygoutats's Weapon Shoppe.
 13232 | D:9      | Found a shimmering altar of Xom.
 13745 | D:9      | Reached ** piety under Fedhas
 13761 | D:9      | Noticed a red ugly thing
 13764 | D:9      | Noticed a two-headed ogre
 14138 | D:9      | Got a twisted quarterstaff
 14139 | D:9      | Identified the cursed +2 quarterstaff of Hubris {protect,
                  | +Inv +Fly Int+3} (You found it on level 9 of the Dungeon)
 14151 | D:9      | Noticed a two-headed ogre
 14197 | D:9      | Killed a two-headed ogre
 14197 | D:9      | Reached skill level 5 in Dodging
 14197 | D:9      | Reached XP level 11. HP: 101/101 MP: 11/11
 14367 | D:9      | Found Feceutag's Antique Weapon Shoppe.
 14611 | D:9      | Killed a two-headed ogre
 14758 | D:9      | Killed a red ugly thing
 14818 | D:9      | Found a snail-covered altar of Cheibriados.
 14960 | D:10     | Entered Level 10 of the Dungeon
 15236 | D:9      | Bought a glowing arbalest for 210 gold pieces
 15503 | D:9      | Reached skill level 1 in Crossbows
 16084 | D:10     | Noticed a two-headed ogre
 16132 | D:10     | Killed a two-headed ogre
 16662 | D:11     | Found a staircase to the Lair.
 16771 | D:11     | Reached *** piety under Fedhas
 16848 | D:11     | Found a staircase to the Orcish Mines.
 17127 | D:11     | Reached skill level 5 in Crossbows
 17204 | D:11     | Noticed Josephine
 17209 | D:11     | HP: 4/101 [wraith[Josephine] (11)]
 17210 | D:11     | HP: 1/101 [wraith[Josephine] (3)]
 17210 | D:11     | Slain by a wraith

Illustrated notes

Levels and vault maps discovered:
D:1:      minmay_arrival_jagged, layout_basic, kennysheep_boxes
D:2:      layout_loops_ring, first_ration
D:3:      layout_basic, grunt_dithmenos_smoke_and_mirrors, fedhas_altar_4,
          uniq_terence, uniq_jessica
D:4:      layout_gridville, lemuel_round_altar, nicolae_ossuary_entry_catacombs
D:5:      layout_cave_pods, tso_oasis_becter, gammafunk_temple_overflow_statue,
          uniq_duvessa
D:6:      layout_loops_ring, gammafunk_temple_overflow_arena,
          minmay_temple_entry_glass, nicolae_qazlal_general_emergency,
          uniq_prince_ribbit1, uniq_sigmund, uniq_edmund, uniq_pikel
D:7:      layout_basic, grunt_temple_overflow_open, dk_yredelemnul_ordeal
D:8:      layout_gridville, nicolae_overflow_crystal_walls,
          overflow_temple_1_default, serial_shops, nicolae_shop_crystal,
          hangedman_pestilent_swarm, uniq_maurice
D:9:      layout_roguey, lemuel_doored_altar, basic_altar, serial_shops,
          shop_fountains, kennysheep_mini_moat, nicolae_shop_trees,
          nicolae_shop_temple_entry_statues_fountains
D:10:     layout_cave_pools
D:11:     layout_gridville, lair_entry_dummy, orc_david_3, uniq_josephine
Temple:   jpeg_temple_island

Skill      XL: |  1  2  3  4  5  6  7  8  9 10 11 |
---------------+----------------------------------+-----
Bows           | 6 7 8 9 11 12 14 | 14.0
Fighting       | 6 10 | 10.8
Dodging        | 5 6 |  6.7
Armour         | 3 |  3.9
Crossbows      | 5 |  5.0
Stealth        | |  0.4

Action                   |  1- 3 |  4- 6 |  7- 9 | 10-12 || total
-------------------------+-------+-------+-------+-------++-------
Melee: Short sword       |    35 |    75 |       |    53 ||   163
       Kick              |     4 |    23 |     8 |    19 ||    54
       Trident           |       |    36 |    26 |     2 ||    64
       Shortbow          |       |       |       |     1 ||     1
 Fire: Shortbow          |    55 |   156 |   492 |   698 ||  1401
  Use: Potion            |     1 |       |       |    11 ||    12
       Scroll            |       |     6 |     5 |    10 ||    21
  Eat: Chunk             |       |     8 |     5 |    10 ||    23
       Ration            |       |       |     3 |     2 ||     5
Armor: Leather armour    |    24 |    70 |    44 |     8 ||   146
       Scale mail        |       |       |       |   114 ||   114
Dodge: Dodged            |    35 |    69 |    42 |   120 ||   266
